 Dungeon Crawl Stone Soup version 0.21.3-3-g218456f21e (webtiles) character file.

5457 P0WERM0DE the Fighter (level 10, -1/66 HPs)
             Began as an Octopode Artificer on July 10, 2020.
             Was a Priest of Cheibriados.
             Killed by the capriciousness of Xom (25 damage)
             ... on level 9 of the Dungeon.
             The game lasted 00:25:42 (5080 turns).

P0WERM0DE the Fighter (Octopode Artificer)          Turns: 5080, Time: 00:25:43

Health: -1/66      AC:  1    Str: 18      XL:     10   Next: 68%
Magic:  13/13      EV: 12    Int: 25      God:    Cheibriados [***...]
Gold:   570        SH: 11    Dex: 17 (19) Spells: 7/9 levels left

rFire    . . .     SeeInvis +     - Unarmed
rCold    . . .     Gourm    .   t - +0 shield
rNeg     . . .     Faith    .   (helmet restricted)
rPois    .         Spirit   .   u - amulet of regeneration
rElec    .         Reflect  .   e - ring of wizardry
rCorr    .         Harm     .   m - ring of see invisible
MR       .....                  (no ring)
Stlth    ++++......             (no ring)
HPRegen  0.61/turn              (no ring)
MPRegen  0.13/turn              (no ring)
                                (no ring)
                                (no ring)

@: very slow
A: almost no armour, stealthy swim, amphibious, 8 rings, constrict 8, fangs 1,
camouflage 1, clever 1, deterioration 1, frail 1, weak 1, gelatinous body 1
a: Bend Time, Temporal Distortion, Renounce Religion


You were on level 9 of the Dungeon.
You worshipped Cheibriados.
Cheibriados was most pleased with you.
You were not hungry.

You visited 2 branches of the dungeon, and saw 12 of its levels.

You collected 570 gold pieces.

Inventory:

Hand Weapons
 b - a +2 dagger of venom
 d - a +2 whip of venom
 g - a +2 triple sword of freezing
 i - a +1 scimitar of slicing
 n - the +8 lajatang of Ahamn {slice, rElec Str+6 Stlth-}
   (You found it on level 7 of the Dungeon)

   It inflicts extra damage upon your enemies.
   It affects your strength (+6).
   It insulates you from electricity.
   It makes you less stealthy.
Missiles
 q - 106 arrows
Armour
 h - a +0 buckler
 t - a +0 shield (worn)
Jewellery
 a - the brooch of Shielding {Reflect SH+8}
   (You found it on level 6 of the Dungeon)

   [amulet of reflection]

   It shields you and reflects attacks.
   It affects your SH (+8).
 e - a ring of wizardry (left tentacle)
 m - a ring of see invisible (right tentacle)
 u - an amulet of regeneration (around mantle)
Wands
 c - a wand of iceblast (5)
Scrolls
 l - 6 scrolls of remove curse
 s - a scroll of enchant weapon {unknown}
 v - a scroll of fog
 w - a scroll of amnesia
 x - 2 scrolls of magic mapping
Potions
 j - a potion of magic
 k - a potion of resistance
 p - 2 potions of flight
 r - a potion of ambrosia
 A - 2 potions of might
Books
 B - a book of Changes

   Spells                             Type                      Level
   a - Beastly Appendage              Transmutation                1
   b - Sticks to Snakes               Transmutation                2
   c - Spider Form                    Transmutation/Poison         3
   d - Ice Form                       Ice/Transmutation            4
   e - Blade Hands                    Transmutation                5
Comestibles
 f - 13 rations
 z - 5 chunks of flesh


   Skills:
 * Level 9.4 Fighting
 - Level 1.0(1.4) Short Blades
 - Level 1.6(1.8) Long Blades
 - Level 2.0 Dodging
 - Level 6.0 Stealth
 * Level 8.4 Shields
 * Level 7.0 Unarmed Combat
 - Level 5.0 Evocations


You had 7 spell levels left.
You knew the following spells:

 Your Spells              Type           Power        Failure   Level  Hunger
z - Sticks to Snakes      Tmut           #.......     19%         2    ###....


Dungeon Overview and Level Annotations

Branches:
Dungeon (11/15)            Temple (1/1) D:7            Lair (0/6) D:9
    Orc (0/2) D:9

Altars:
Ashenzari
Cheibriados
Dithmenos
Elyvilon
Gozag
Makhleb
Okawaru
Qazlal
Ru
Uskayaw
Xom


Innate Abilities, Weirdness & Mutations

You cannot wear most types of armour.
You are very stealthy in the water. (Stealth+)
You are amphibious.
You can wear up to eight rings at the same time.
You can use your tentacles to constrict eight enemies at once.
Your skin changes colour to match your surroundings (Stealth+).
Your rubbery body absorbs attacks. (AC +1, EV +1)
You have very sharp teeth.
Your mind is acute. (Int +2)
Your body sometimes deteriorates upon taking damage.
You are frail. (-10% HP)
You are weak. (Str -2)


Message History

You barely miss the troll. You squeeze the troll.
The troll is severely wounded.
As you read the scroll of fear, it crumbles to dust.
You assume a fearsome visage.
The basilisk looks frightened!
The troll looks frightened!
Evoke which item? (* to show all) (? for menu, Esc to quit)
Aiming: Iceblast
Press: ? - help, Shift-Dir - straight line, f/p - troll
Aim: a troll (severely wounded, fleeing)
The mass of ice explodes!
The iceblast engulfs the troll.
You kill the troll!
Cheibriados appreciates the change of pace.
You feel your dexterity returning.
Your Unarmed Combat skill increases to level 7!
The iceblast engulfs the basilisk.
The basilisk is moderately wounded.
Your attack snaps the basilisk out of its fear.
You hear Xom's maniacal laughter.
You are caught in a fiery explosion!
The explosion engulfs you!
You die...

.####...##.#####.###.#####.####.[
.#**###,*#.......# #..# #.# #.#
**,,,,*'*######### ##.## #.# #..
**+**,,,,,,,,* #...# #.######
,,,,,,,,,,,,,* #...# #.......
,,,,,,,.,,,,,* #...###..#....
,,,,,*,..,,,,* #.(...........
,,,,,*,...,,,*######...##..#.....
,,****,....##*#.@.......#..#.....
,,**,,,......##.######..#........
,,*,,,,.......#.# ##.##.##....
,,,,,,,..YlP....# #..#.##....
*,,,,,,.>..l....# #..#.##....
,,,,,,,........## #....##....
,,*,,,,.......## ##.#.######
,,**,,,......#* #...#
*,****,....##* ########..#


There were no monsters in sight!

Vanquished Creatures
  A two-headed ogre (D:10)
  A centaur skeleton (D:10)
  A troll (D:9)
  A hippogriff (D:9)
  4 yaks (D:9)
  3 orc warriors
  A basilisk (D:9)
  2 sky beasts
  A water moccasin (D:7)
  2 black bears
  2 phantoms (D:9)
  2 ogres
  2 centaurs
  A bullfrog (D:10)
  4 gnoll sergeants
  A scorpion (D:9)
  4 wights (D:8)
  A howler monkey (D:6)
  A crimson imp (D:6)
  2 bullfrog zombies
  A centaur zombie (D:6)
  3 jellies
  5 orc priests
  7 hounds
  A gnoll shaman (D:9)
  5 iguanas
  12 orc wizards
  3 worker ants
  A hound skeleton (D:6)
  A howler monkey zombie (D:9)
  Robin (D:4)
  5 adders
  15 gnolls
  3 shadow imps
  An ooze (D:5)
  3 adder skeletons
  A worm (D:2)
  2 dart slugs (D:1)
  5 leopard geckos
  26 orcs
  5 bats
  2 giant cockroaches
  13 goblins
  11 hobgoblins
  4 jackals
  4 quokkas
  A ball python (D:6)
  4 frilled lizards
  11 kobolds
  A leopard gecko skeleton (D:4)
  5 rats
199 creatures vanquished.

Vanquished Creatures (collateral kills)
  Eustachio (D:5)
  An orc warrior (D:5)
  A big kobold (D:9)
  A scorpion (D:5)
  An orc priest (D:8)
  A hound skeleton (D:5)
  2 gnolls (D:9)
  An adder (D:8)
  A leopard gecko (D:5)
  An orc (D:8)
  3 goblins (D:4)
  A hobgoblin (D:4)
  A frilled lizard (D:4)
16 creatures vanquished.

Vanquished Creatures (others)
  2 yaks (D:9)
  A wight (D:5)
  2 orc priests
  A gnoll (D:9)
6 creatures vanquished.

Grand Total: 221 creatures vanquished

Notes
Turn   | Place    | Note
-------+----------+-------------------------------------------
     0 | D:1      | P0WERM0DE the Octopode Artificer began the quest for the Orb.
     0 | D:1      | Reached XP level 1. HP: 13/13 MP: 3/3
    66 | D:1      | Reached XP level 2. HP: 17/18 MP: 4/4
    78 | D:1      | Reached skill level 2 in Stealth
   174 | D:1      | Reached XP level 3. HP: 24/24 MP: 5/5
   187 | D:1      | Reached skill level 2 in Fighting
   378 | D:2      | Reached skill level 4 in Evocations
   454 | D:3      | Reached skill level 1 in Shields
   454 | D:3      | Reached XP level 4. HP: 9/30 MP: 7/7
   531 | D:3      | Reached skill level 3 in Stealth
   541 | D:3      | Reached XP level 5. HP: 10/35 MP: 8/8
   857 | D:5      | Entered Level 5 of the Dungeon
   903 | D:6      | Reached skill level 3 in Fighting
   929 | D:6      | Reached skill level 2 in Shields
   943 | D:6      | HP: 3/36 [iguana (10)]
   969 | D:5      | HP: 2/36 [hound (4)]
  1244 | D:4      | Reached XP level 6. HP: 41/42 MP: 9/9
  1267 | D:4      | Reached skill level 5 in Evocations
  1333 | D:4      | Reached skill level 4 in Stealth
  1352 | D:4      | Reached skill level 3 in Shields
  1409 | D:4      | Noticed Robin
  1426 | D:4      | Reached skill level 4 in Fighting
  1426 | D:4      | Killed Robin
  1426 | D:4      | Reached XP level 7. HP: 22/48 MP: 10/10
  1882 | D:5      | Found a shimmering altar of Xom.
  1884 | D:5      | Found a shadowy altar of Dithmenos.
  1887 | D:5      | Found a sacrificial altar of Ru.
  1887 | D:5      | Found a stormy altar of Qazlal.
  1902 | D:5      | Reached skill level 4 in Shields
  1911 | D:5      | Became a worshipper of Xom of Chaos
  1922 | D:5      | Reached skill level 5 in Stealth
  1931 | D:5      | Noticed Eustachio
  1942 | D:5      | XOM: potion effect (agility)
  1950 | D:5      | XOM: potion effect (heal wounds)
  1982 | D:5      | Reached skill level 5 in Fighting
  1985 | D:5      | XOM: enchant monster (good)
  1991 | D:5      | Killed Eustachio
  1991 | D:5      | Reached XP level 8. HP: 49/56 MP: 11/11
  2008 | D:5      | Reached skill level 6 in Stealth
  2187 | D:5      | Found a white marble altar of Elyvilon.
  2292 | D:6      | Reached skill level 6 in Fighting
  2292 | D:6      | Reached skill level 1 in Long Blades
  2334 | D:6      | Found a burning altar of Makhleb.
  2391 | D:6      | Found the brooch of Shielding {Reflect SH+8}
  2466 | D:7      | Got an ivory lajatang
  2472 | D:7      | Identified the +8 lajatang of Ahamn {slice, rElec Str+6 Stlth-} (You found it on level 7 of the Dungeon)
  2560 | D:7      | Reached skill level 1 in Unarmed Combat
  2717 | D:7      | Found a staircase to the Ecumenical Temple.
  2732 | Temple   | Entered the Ecumenical Temple
  2752 | Temple   | Fell from the grace of Xom
  2752 | Temple   | Became a worshipper of Cheibriados the Contemplative
  2820 | D:6      | Reached skill level 5 in Shields
  2950 | D:7      | Reached skill level 2 in Unarmed Combat
  3052 | D:7      | Reached XP level 9. HP: 61/63 MP: 12/12
  3109 | D:7      | You fall through a shaft for 2 floors!
  3135 | D:9      | Reached skill level 7 in Fighting
  3139 | D:9      | Noticed a troll
  3147 | D:9      | Reached * piety under Cheibriados
  3147 | D:9      | Reached skill level 3 in Unarmed Combat
  3267 | D:8      | Reached skill level 6 in Shields
  3453 | D:9      | Reached skill level 4 in Unarmed Combat
  3465 | D:10     | Entered Level 10 of the Dungeon
  3483 | D:10     | Learned a level 2 spell: Sticks to Snakes
  3494 | D:10     | Reached ** piety under Cheibriados
  3629 | D:10     | XOM: medium Chrm miscast
  3647 | D:10     | Noticed a two-headed ogre
  3654 | D:10     | Killed a two-headed ogre
  3654 | D:10     | Reached skill level 8 in Fighting
  3654 | D:10     | Reached skill level 7 in Shields
  3654 | D:10     | Reached skill level 5 in Unarmed Combat
  3654 | D:10     | Reached XP level 10. HP: 33/73 MP: 13/13
  3840 | D:10     | Noticed a two-headed ogre
  3871 | D:10     | XOM: give mutations
  3871 | D:10     | Gained mutation: Your mind is acute. (Int +2) [Xom's mischief]
  3871 | D:10     | Gained mutation: Your body sometimes deteriorates upon taking damage. [Xom's mischief]
  3871 | D:10     | Gained mutation: You are weak. (Str -2) [Xom's mischief]
  3871 | D:10     | Gained mutation: You are frail. (-10% HP) [Xom's mischief]
  3957 | D:9      | Found a shattered altar of Ashenzari.
  3985 | D:9      | Reached skill level 6 in Unarmed Combat
  4009 | D:9      | Reached skill level 9 in Fighting
  4085 | D:9      | Found an iron altar of Okawaru.
  4086 | D:9      | Found an opulent altar of Gozag.
  4122 | D:9      | Found a staircase to the Lair.
  4174 | D:9      | HP: 5/66 [troll (7)]
  4322 | D:9      | Reached skill level 8 in Shields
  4325 | D:9      | XOM: give mutation
  4325 | D:9      | Gained mutation: You have very sharp teeth. [Xom's mischief]
  4870 | D:9      | Reached *** piety under Cheibriados
  5079 | D:9      | Reached skill level 7 in Unarmed Combat
  5080 | D:9      | XOM: medium Fire miscast
  5080 | D:9      | Killed by the capriciousness of Xom

Skill      XL: |  1  2  3  4  5  6  7  8  9 10 |
---------------+-------------------------------+-----
Stealth        | 2 3 4 5 6 |  6.0
Fighting       | 2 3 4 5 6 8 9 |  9.4
Evocations     | 4 5 |  5.0
Shields        | 1 2 3 4 5 7 8 |  8.4
Long Blades    | 1 |  1.6
Unarmed Combat | 2 5 7 |  7.0
Short Blades   | |  1.0
Dodging        | |  2.0

Action                   |  1- 3 |  4- 6 |  7- 9 | 10-12 || total
-------------------------+-------+-------+-------+-------++-------
Melee: Short sword       |    42 |       |       |       ||    42
       Constrict         |    14 |    23 |    35 |    27 ||    99
       Tentacles         |     8 |    19 |    24 |    35 ||    86
       Dagger            |    11 |    78 |    48 |    11 ||   148
       Lajatang          |       |       |    84 |       ||    84
       Triple sword      |       |       |    22 |       ||    22
       Punch             |       |       |     2 |    12 ||    14
       Unarmed           |       |       |       |   142 ||   142
       Bite              |       |       |       |    18 ||    18
 Cast: Sticks to Snakes  |       |       |       |     5 ||     5
Invok: Bend Time         |       |       |       |     1 ||     1
Evoke: Wand              |     2 |    16 |    30 |     6 ||    54
  Use: Potion            |     1 |     1 |       |     7 ||     9
       Scroll            |       |       |     7 |     5 ||    12
 Stab: Sleeping          |    13 |     3 |    10 |     3 ||    29
       Paralysed         |     2 |       |       |       ||     2
       Distracted        |       |       |     1 |     1 ||     2
  Eat: Chunk             |       |     2 |     3 |       ||     5
       Ration            |       |       |     1 |     1 ||     2
Armor: Skin              |     1 |     2 |     8 |    23 ||    34
Dodge: Dodged            |    17 |    33 |    94 |    64 ||   208
Block: Buckler           |     1 |    10 |     6 |       ||    17
       Other             |       |       |     9 |       ||     9
       Reflection        |       |       |     2 |       ||     2
       Shield            |       |       |     3 |    73 ||    76
       Rpst.: Triple sword |       |       |     8 |       ||     8
